 Dungeon Crawl Stone Soup version 0.32-a0-7-ge934b4519a (webtiles) character file.

Game seed: 17004578496763524401

54 NotreDorf the Changeling (level 3, 0/27 HPs)
             Began as a Merfolk Shapeshifter on Jan 13, 2024.
             Slain by a scorpion (2 damage)
             ... on level 4 of the Dungeon.
             The game lasted 00:04:20 (1216 turns).

NotreDorf the Changeling (Merfolk Shapeshifter)     Turns: 1216, Time: 00:04:20

Health: 0/27       AC:  2    Str: 16    XL:     3   Next: 91%
Magic:  3/3        EV: 13    Int:  9    God:
Gold:   121        SH:  0    Dex: 13    Spells: 2/2 levels left

rFire   . .          .
                       - Unarmed
rCold   . . .        (no shield)
rNeg    . . .        a - +0 animal skin
rPois   .            l - melded +0 helmet
rElec   .            k - melded +0 cloak
rCorr   .            (gloves currently unavailable)
SInv    .            (boots currently unavailable)
Will    .....        (no amulet)
Stlth   +            (no ring)
HPRegen 0.24/turn    (no ring)
MPRegen 0.08/turn

%: no passive effects
@: beast-form
A: beast (slay +2), (nimble swimmer 2), mertail
a: Begin Untransformation


You were on level 4 of the Dungeon.
You were a hulking beast.
You visited 1 branch of the dungeon, and saw 3 of its levels.

You collected 121 gold pieces.

Inventory:

Armour
 a - a +0 animal skin (worn)
 k - a +0 cloak (melded)
 l - a +0 helmet (melded)
Talismans
 c - a beast talisman (active)
 d - a flux talisman
Wands
 o - a wand of iceblast (10)
Scrolls
 e - 2 scrolls of enchant weapon {unknown}
 g - a scroll of revelation {unknown}
 h - a scroll of immolation {unknown}
 i - a scroll of noise {unknown}
 j - a scroll of teleportation {unknown}
 m - a scroll of fear {unknown}
 n - a scroll of identify {unknown}
 p - a scroll of fog {unknown}
 q - a scroll of vulnerability {unknown}
Potions
 b - a potion of lignification
 f - a potion of magic {unknown}


   Skills:
 + Level 2.0 Fighting
 + Level 3.6 Dodging
 + Level 3.8 Unarmed Combat
 + Level 4.5 Shapeshifting


You had 2 spell levels left.
You didn't know any spells.
Your spell library was empty.

Dungeon Overview and Level Annotations

Branches:
Dungeon (2/15)

Altars:


Innate Abilities, Weirdness & Mutations

You are a hulking beast.
Your limbs bulge with bestial killing power. (Slay +2)
((You are very nimble when in or above water. (Stealth+, EV+, Speed+++)))
Your lower body shifts to a powerful aquatic tail in water.


Message History

You hit the scorpion.
The scorpion is heavily wounded.
The scorpion stings you.
You are poisoned.
The scorpion poisons you!
You closely miss the scorpion.
The scorpion is heavily wounded.
You feel sick. The scorpion barely misses you. The jackal bites you.
You barely miss the scorpion.
The scorpion is heavily wounded.
You feel sick. The scorpion barely misses you. The jackal bites you.
You hit the scorpion.
The scorpion is severely wounded.
You feel sick. The scorpion stings you. The jackal barely misses you.
You barely miss the scorpion.
The scorpion is severely wounded.
You feel sick. The scorpion barely misses you. The jackal closely misses you.
The jackal misses you.
You hit the scorpion.
The scorpion is severely wounded.
You feel sick. The jackal bites you.
The scorpion stings you but does no damage.
The jackal bites you but does no damage.
The jackal barely misses you.
You feel sick. The jackal attacks as it pursues you!
The jackal barely misses you. The scorpion stings you.
* * * LOW HITPOINT WARNING * * *
You feel sick. The jackal bites you.
* * * LOW HITPOINT WARNING * * *
There is an open door here.
You feel sick.
You are no longer poisoned.
The scorpion attacks as it pursues you! The scorpion misses you.
You hit the scorpion but do no damage.
The scorpion is severely wounded.
The scorpion closely misses you.
You hit the scorpion.
The scorpion is almost dead.
The scorpion stings you.
You die...

#. .#####. .......
....... .......
....... #.....######
#......h#..##
#......hsh..#
#$.....r#...##
######+#.......##...#
..................###
..................#
.>................#
..................#
..................#
..................###


You could see a scorpion, a quokka and 2 jackals.

Vanquished Creatures
  An adder (D:2)
  3 dart slugs
  7 endoplasms
  A giant cockroach (D:1)
  4 goblins (D:1)
  2 hobgoblins (D:1)
  2 jackals (D:2)
  2 quokkas (D:1)
  2 ball pythons (D:1)
  3 bats
  2 frilled lizards (D:2)
  5 kobolds
  2 rats (D:1)
36 creatures vanquished.

Notes
Turn   | Place    | Note
-------+----------+-------------------------------------------
     0 | D:1      | NotreDorf the Merfolk Shapeshifter began the quest for the
                  | Orb.
     0 | D:1      | Reached XP level 1. HP: 15/15 MP: 1/1
   140 | D:1      | Reached XP level 2. HP: 12/21 MP: 2/2
   358 | D:1      | Reached XP level 3. HP: 27/27 MP: 3/3
  1053 | D:2      | You fall into a shaft and drop 2 floors!
  1203 | D:4      | Noticed a scorpion
  1216 | D:4      | Slain by a scorpion

Illustrated notes

Levels and vault maps discovered:
D:1:      dpeg_chamrin_arrival_tetris, layout_basic, fountainhead,
          minmay_pentomino_p4
D:2:      layout_basic, shapermc_ecumenical_altar_gd
D:4:      layout_gridville

Skill      XL: |  1  2  3 |
---------------+----------+-----
Dodging        | 3 |  3.6
Fighting       | 2 |  2.0
Unarmed Combat | |  3.8
Shapeshifting  | |  4.5

Action                     || total
---------------------------++-------
  Melee: Unarmed           ||    86
         Punch             ||     3
   Stab: Sleeping          ||     4
 Armour: Animal skin       ||    36
  Dodge: Dodged            ||    65
   Form: Beast             ||     2
                           ||     1

Table legend: (Time is in decaauts)
 A = Elapsed time spent in this place.
 B = Non-inter-level travel time spent in this place.
 C = Inter-level travel time spent in this place.
 D = Time resting spent in this place.
 E = Time spent auto-exploring this place.
 F = Levels seen in this place.
 G = Mean time per level.
                   A        B        C        D        E       F      G
               +--------+--------+--------+--------+--------+-----+--------+
         Total |   1207 |   1183 |     24 |      0 |    806 |   3 |  402.3 |
       Dungeon |   1207 |   1183 |     24 |      0 |    806 |   3 |  402.3 |
               +--------+--------+--------+--------+--------+-----+--------+

Top non-repeatable levels by time:
     D:1: 846 daAuts
     D:2: 199 daAuts
     D:4: 162 daAuts
